 Dungeon Crawl Stone Soup version 0.26-a0-712-ga5a9c9c9d0 (webtiles) character file.

Game seed: 13961626308528135878

42 Inarius the Chopper (level 3, -13/33 HPs)
             Began as a Draconian Chaos Knight on Nov 2, 2020.
             Was a Plaything of Xom.
             Mangled by a goblin
             ... wielding a +1 dagger of electrocution
              (19 damage)
             ... on level 1 of the Dungeon.
             The game lasted 00:00:57 (786 turns).

Inarius the Chopper (Draconian Chaos Knight)         Turns: 786, Time: 00:00:58

Health: -13/33     AC:  5    Str: 15    XL:     3   Next: 33%
Magic:  3/3        EV: 12    Int: 12    God:    Xom [..*...]
Gold:   10         SH:  0    Dex: 10    Spells: 2/2 levels left

rFire    . . .     SeeInvis .   a - +0 hand axe (chaos)
rCold    . . .     Faith    .   (no shield)
rNeg     . . .     Spirit   .   (armour unavailable)
rPois    .         Reflect  .   (helmet restricted)
rElec    .         Harm     .   (no cloak)
rCorr    .         Rampage  .   (no gloves)
MR       .....                  (no boots)
Stlth    +.........             (no amulet)
HPRegen  0.11/turn              (no ring)
MPRegen  0.08/turn              (no ring)

@: no status effects
A: unfitting armour, cold-blooded, AC +5
a: Renounce Religion


You were on level 1 of the Dungeon.
You worshipped Xom.
You were a toy of Xom.
You visited 1 branch of the dungeon, and saw 2 of its levels.

You collected 10 gold pieces.

Inventory:

Hand Weapons
 a - a +0 hand axe of chaos (weapon)
Jewellery
 h - an uncursed ring of protection from cold {unknown}
Scrolls
 b - a scroll of identify {unknown}
 c - 2 scrolls of fear {unknown}
 e - a scroll of remove curse {unknown}
 g - a scroll of teleportation {unknown}
Potions
 d - a potion of curing {unknown}
 f - a potion of degeneration {unknown}


   Skills:
 + Level 3.7 Fighting
 * Level 3.9 Axes
 + Level 2.3 Dodging
 + Level 0.1 Stealth


You had 2 spell levels left.
You didn't know any spells.
Your spell library was empty.

Dungeon Overview and Level Annotations

Branches:
Dungeon (2/15)

Altars:
Ashenzari


Innate Abilities, Weirdness & Mutations

Your plain brown scales are hard. (AC +5)
You cannot fit into any form of body armour.
You are cold-blooded and may be slowed by cold attacks.


Message History

* * * LOW HITPOINT WARNING * * *
The hobgoblin barely misses you.
You are too injured to fight recklessly!
Unknown command.
You are too injured to fight recklessly!
Unknown command.
You are too injured to fight recklessly!
Unknown command.
You are too injured to fight recklessly!
You are too injured to fight recklessly!
You completely miss the goblin.
The goblin is severely wounded.
You hit the hobgoblin.
You kill the hobgoblin!
The goblin hits you with a +1 dagger of electrocution.
* * * LOW HITPOINT WARNING * * *
You are electrocuted!!
Ouch! That really hurt!
You die...
Xom cackles wildly!

#.......#....#.............#..###
#........#..##...###.#.....#..#
.........###.....###.#######..#
.............##...##..........###
........#....##.#.####........##.
........#....##.#.##...........†.
........#.......#.##.#.#########.
........###.#####.##+#+# #.
...(... .......@........ #.
......lg........ #.
........#....... #.
........#..##.## ## ........##.#
# ........# .. ........# #.#
.##...### +#


You could see a goblin and a frilled lizard.

Vanquished Creatures
  An ooze (D:1)
  An adder zombie (D:2)
  A worm (D:2)
  2 dart slugs (D:1)
  2 giant cockroaches
  3 goblins
  3 hobgoblins
  4 kobolds
  A quokka (D:2)
  4 frilled lizards
  5 rats
27 creatures vanquished.

Vanquished Creatures (others)
  2 withered plants (D:2)
2 creatures vanquished.

Grand Total: 29 creatures vanquished

Notes
Turn   | Place    | Note
-------+----------+-------------------------------------------
     0 | D:1      | Inarius the Draconian Chaos Knight began the quest for the
                  | Orb.
     0 | D:1      | Reached XP level 1. HP: 19/19 MP: 1/1
    53 | D:1      | You fall into a shaft and drop 1 floor!
    53 | D:2      | Found a broken altar of Ashenzari.
   360 | D:2      | XOM: noise
   363 | D:2      | Reached XP level 2. HP: 26/26 MP: 2/2
   548 | D:2      | XOM: butterfly on damage
   566 | D:2      | XOM: cloud trail
   597 | D:1      | Reached XP level 3. HP: 28/33 MP: 3/3
   786 | D:1      | Mangled by a goblin

Illustrated notes

Levels and vault maps discovered:
D:1:      ebering_hopf_link, layout_basic, hex_intersection, minmay_tetromino_l4
D:2:      layout_loops_corners, nicolae_overflow_crystal_walls,
          ashenzari_conservatory_becter, serial_undead, serial_undead_c,
          serial_undead_b, serial_undead_d, serial_undead_a, serial_undead_e,
          serial_undead_a, uniq_robin

Action                   || total
-------------------------++-------
Melee: Hand axe          ||    74
       Tailslap          ||     4
 Stab: Petrified         ||     8
Armor: Skin              ||    21
Dodge: Dodged            ||    46

Table legend: (Time is in decaauts)
 A = Elapsed time spent in this place.
 B = Non-inter-level travel time spent in this place.
 C = Inter-level travel time spent in this place.
 D = Time resting spent in this place.
 E = Time spent auto-exploring this place.
 F = Levels seen in this place.
 G = Mean time per level.
                   A        B        C        D        E       F      G
               +--------+--------+--------+--------+--------+-----+--------+
         Total |    797 |    797 |      0 |    418 |    223 |   2 |  398.5 |
       Dungeon |    797 |    797 |      0 |    418 |    223 |   2 |  398.5 |
               +--------+--------+--------+--------+--------+-----+--------+

Top non-repeatable levels by time:
     D:2: 512 daAuts
     D:1: 285 daAuts
